 Dungeon Crawl Stone Soup version 0.27-a0-705-ga0013940fb (webtiles) character file.

Game seed: 10392087686253253820

2234 robertstho the Covered (level 9, 0/71 HPs)
             Began as a Formicid Abyssal Knight on Mar 22, 2021.
             Was a Priest of Lugonu.
             Succumbed to a killer bee's poison
             ... on level 13 of the Dungeon.
             The game lasted 00:10:27 (8364 turns).

robertstho the Covered (Formicid Abyssal Knight)    Turns: 8364, Time: 00:10:28

Health: 0/71       AC: 13    Str: 24 (25) XL:     9   Next: 62%
Magic:  12/12      EV:  9    Int:  9 (12) God:    Lugonu [***...]
Gold:   161        SH:  8    Dex: 12 (14) Spells: 8/8 levels left

rFire    . . .     SeeInvis +   l - +1 flail (drain)
rCold    . . .     Faith    .   g - +0 buckler of the Demon Prince {Dex+3}
rNeg     + . .     Spirit   .   h - +0 chain mail
rPois    .         Reflect  +   (helmet unavailable)
rElec    .         Harm     .   (no cloak)
rCorr    .         Rampage  .   p - +1 pair of gloves
Will     .....                  (no boots)
Stlth    ..........             e - amulet of reflection
HPRegen  0.21/turn              c - +6 ring of strength
MPRegen  0.13/turn              i - ring of positive energy

@: lethally poisoned (0 -> -7)
A: permanent stasis, dig shafts and tunnels, antennae 3, four strong arms
a: Dig, Shaft Self, Renounce Religion, Depart the Abyss, Bend Space, Banish


You were on level 13 of the Dungeon.
You worshipped Lugonu.
Lugonu was most pleased with you.
You visited 1 branch of the dungeon, and saw 10 of its levels.
You visited the Abyss 1 time.

You collected 226 gold pieces.
You spent 65 gold pieces at shops.

Inventory:

Hand Weapons
 a - a +1 hand axe
 l - a +1 flail of draining (weapon)
Armour
 b - a +0 leather armour
 g - the +0 buckler of the Demon Prince (worn) {Dex+3}
   (You found it on level 5 of the Dungeon)

   It affects your dexterity (+3).
 h - a +0 chain mail (worn)
 p - a +1 pair of gloves (worn)
Jewellery
 c - a +6 ring of strength (right hand)
 e - an amulet of reflection (around neck)
 f - an amulet of the acrobat
 i - a ring of positive energy (left hand)
Scrolls
 m - a scroll of holy word
 n - a scroll of enchant armour
 r - a scroll of enchant weapon
 s - 2 scrolls of identify
Potions
 d - a potion of mutation
 j - 2 potions of degeneration
 q - 2 potions of brilliance


   Skills:
 * Level 6.9 Fighting
 + Level 2.8(4.4) Axes
 + Level 5.2(5.6) Maces & Flails
 * Level 7.8 Armour
 * Level 3.6 Dodging
 + Level 1.0 Stealth
 + Level 1.0 Shields
 * Level 5.0 Invocations
 + Level 1.0 Evocations


You had 8 spell levels left.
You didn't know any spells.
Your spell library contained the following spells:

 Spells                   Type           Power      Damage    Failure   Level
 Magic Dart               Conj           0%         1d3       97%         1
 Sandblast                Erth           0%         2d4       97%         1
 Summon Small Mammal      Summ           0%         N/A       97%         1
 Call Imp                 Summ           0%         N/A       99%         2
 Passwall                 Tmut/Erth      0%         N/A       99%         2
 Slow                     Hex            0%         N/A       99%         2
 Call Canine Familiar     Summ           0%         N/A       100%        3
 Conjure Flame            Conj/Fire      0%         6-21      100%        3
 Mephitic Cloud           Conj/Pois/Air  0%         N/A       100%        3
 Stone Arrow              Conj/Erth      0%         3d7       100%        3
 Summon Guardian Golem    Hex/Summ       0%         N/A       100%        3
 Petrify                  Tmut/Erth      0%         N/A       100%        4
 Summon Ice Beast         Ice/Summ       0%         N/A       100%        4
 Summon Lightning Spire   Summ/Air       0%         N/A       100%        4
 Lee's Rapid Deconstruct  Erth           0%         3d5*      100%        5
 Blink                    Tloc           Unusable   N/A       N/A         2

Dungeon Overview and Level Annotations

Branches:
Dungeon (7/15)             Temple (0/1) D:4

Altars:
Okawaru
Wu Jian
Yredelemnul

Shops:
D:2 *

Annotations:
D:7 Maggie


Innate Abilities, Weirdness & Mutations

You cannot be hasted, slowed, berserked, paralysed or teleported.
You can dig through walls and to a lower floor.
You have a pair of large antennae on your head. (SInv)
Your four strong arms can wield two-handed weapons with a shield.


Message History

Your Shields skill increases to level 1!
You sock the killer bee! You drain the killer bee.
You kill the killer bee!
Lugonu accepts your kill.
You feel sick.
The killer bee stings you but does no damage.
You block the killer bee's attack. The killer bee completely misses you.
You miss the killer bee.
You feel sick. The killer bee stings you.
* * * LOW HITPOINT WARNING * * *
The killer bee stings you but does no damage.
You block the killer bee's attack. x3
Unknown command.
Are you sure you want to shaft yourself?
* * * LOW HITPOINT WARNING * * *
You feel sick. You block the killer bee's attack.
The killer bee barely misses you. The killer bee stings you!
* * * LOW HITPOINT WARNING * * *
You block the killer bee's attack.
You begin to dig a shaft.
You continue digging a shaft.
* * * LOW HITPOINT WARNING * * *
You feel sick.
The killer bee seems less drained.
You block the killer bee's attack. The killer bee barely misses you.
The killer bee stings you but does no damage.
The killer bee barely misses you. A shaft appears beneath you!
You fall into a shaft and drop 1 floor!
The shaft crumbles and collapses.
A water moccasin comes into view.
* * * LOW HITPOINT WARNING * * *
You feel sick.
The water moccasin hisses angrily.
Found 13 gold pieces.
You hit the water moccasin. You drain the water moccasin.
The water moccasin is moderately wounded.
* * * LOW HITPOINT WARNING * * *
You feel sick. The water moccasin barely misses you.
You hit the water moccasin but do no damage.
You drain the water moccasin.
The water moccasin is moderately wounded.
You die...

## ### ..
##..##
#.##....####
#..S.$......
#.@.....#
#...........#
....##........#
... #.........
. ##.......#
#.......#
##......#
#...###


You could see a water moccasin (drained).

Vanquished Creatures
  2 trolls
  Duvessa (D:5)
  4 sky beasts
  2 ogres
  A centaur (D:5)
  2 bullfrogs
  Dowan (D:5)
  A scorpion (D:5)
  4 wights
  2 killer bees (D:12)
  2 bullfrog zombies
  A hound (D:5)
  An orc priest (D:5)
  A bullfrog skeleton (D:5)
  An iguana (D:5)
  3 orc wizards
  3 worker ants
  7 adders
  10 gnolls
  2 shadow imps
  An ufetubus (D:5)
  An adder skeleton (D:6)
  4 worms
  A dart slug (D:2)
  12 orcs
  5 ball pythons
  4 giant cockroaches
  8 goblins
  5 hobgoblins
  6 jackals
  3 kobolds
  6 oozes
  6 quokkas
  4 bats (D:2)
  3 frilled lizards
  A jackal skeleton (D:6)
  A quokka zombie (D:5)
  3 rats (D:2)
125 creatures vanquished.

Vanquished Creatures (others)
  An orc wizard (D:4)
1 creature vanquished.

Grand Total: 126 creatures vanquished

Notes
Turn   | Place    | Note
-------+----------+-------------------------------------------
     0 | Abyss:1  | robertstho the Formicid Abyssal Knight began the quest for
                  | the Orb.
     0 | Abyss:1  | Reached XP level 1. HP: 18/18 MP: 2/2
    60 | Abyss:1  | Noticed a quasit
    62 | D:1      | Escaped the Abyss
   415 | D:1      | Reached skill level 1 in Dodging
   416 | D:1      | Reached XP level 2. HP: 25/25 MP: 3/3
  1116 | D:1      | Reached * piety under Lugonu
  1233 | D:2      | Reached XP level 3. HP: 30/30 MP: 4/4
  1810 | D:2      | Reached XP level 4. HP: 36/37 MP: 5/5
  1911 | D:2      | Found Seumeoto's General Store.
  1923 | D:2      | Bought a potion of heal wounds for 65 gold pieces
  2578 | D:2      | Reached XP level 5. HP: 29/43 MP: 6/6
  3137 | D:3      | You fall into a shaft and drop 2 floors!
  3137 | D:5      | Entered Level 5 of the Dungeon
  3138 | D:5      | Noticed an ogre
  3141 | D:5      | Reached ** piety under Lugonu
  3142 | D:5      | Reached skill level 3 in Armour
  3145 | D:5      | Killed an ogre
  3146 | D:5      | Reached skill level 5 in Fighting
  3146 | D:5      | Reached skill level 1 in Maces & Flails
  3146 | D:5      | Reached XP level 6. HP: 24/51 MP: 8/8
  3215 | D:5      | Noticed a sky beast
  3221 | D:5      | Killed a sky beast
  3222 | D:5      | Reached XP level 7. HP: 56/56 MP: 9/9
  3464 | D:4      | Reached skill level 4 in Armour
  3770 | D:4      | Found a staircase to the Ecumenical Temple.
  4772 | D:5      | Reached XP level 8. HP: 30/64 MP: 10/10
  4943 | D:5      | Noticed Dowan
  4944 | D:5      | Noticed Duvessa
  4956 | D:5      | Killed Duvessa
  4957 | D:5      | Reached skill level 5 in Armour
  4969 | D:5      | Killed Dowan
  5195 | D:5      | Found an iron altar of Okawaru.
  5232 | D:5      | Identified the +0 buckler of the Demon Prince {Dex+3}
  5310 | D:5      | Found an ornate altar of the Wu Jian Council.
  5742 | D:6      | Noticed a troll
  5955 | D:6      | Noticed a troll
  5964 | D:6      | Killed a troll
  5965 | D:6      | Reached skill level 6 in Armour
  6413 | D:6      | Reached XP level 9. HP: 68/69 MP: 12/12
  6440 | D:5      | Killed a troll
  6441 | D:5      | Reached skill level 1 in Stealth
  6450 | D:5      | Reached skill level 7 in Armour
  6916 | D:6      | Reached skill level 5 in Maces & Flails
  7145 | D:6      | Found a basalt altar of Yredelemnul.
  7522 | D:7      | Noticed Maggie
  7531 | D:7      | Reached skill level 5 in Invocations
  7531 | D:7      | Reached skill level 1 in Evocations
  7550 | D:7      | You are sucked into a shaft and drop 2 floors!
  7953 | D:9      | You fall into a shaft and drop 3 floors!
  8357 | D:12     | Reached *** piety under Lugonu
  8358 | D:12     | Reached skill level 1 in Shields
  8361 | D:12     | HP: 3/71 [poisoned by a killer bee]
  8362 | D:12     | You fall into a shaft and drop 1 floor!
  8363 | D:13     | HP: 1/71 [poisoned by a killer bee]
  8364 | D:13     | Succumbed to a killer bee's poison

Illustrated notes

Levels and vault maps discovered:
D:1:      dpeg_arrival_stone_temple_mockup, layout_basic,
          minmay_misc_feat_ornament
D:2:      layout_loops_ring, serial_shops, nicolae_shop_waterfront
D:3:      layout_loops_ring, nicolae_overflow_hidden_temple, tso_metal_star,
          general_overflow_altar
D:4:      layout_rooms, minmay_temple_entry_junction, palyth_stone_intersect
D:5:      layout_loops_ring, nzn_wu_jian_contemplation,
          okawaru_metal_pillars_1_2, uniq_duvessa
D:6:      layout_basic, marbit_many_paths
D:7:      layout_cave_pools, minitemple, serial_shops, shop, grunt_potential,
          uniq_menkaure, uniq_maggie, uniq_joseph
D:9:      layout_irregular_city, kennysheep_little_box,
          gammafunk_temple_overflow_pools, erik_lair_orcish_takeover,
          hiddenorc2_lemuel, grunt_livestock
D:12:     layout_grid_maze
D:13:     layout_cave_pods, minmay_another_anthill

Skill      XL: |  1  2  3  4  5  6  7  8  9 |
---------------+----------------------------+-----
Dodging        | 1 2 3 |  3.6
Fighting       | 4 5 6 |  6.9
Armour         | 3 4 6 7 |  7.8
Maces & Flails | 1 3 4 5 |  5.2
Invocations    | 3 4 5 |  5.0
Stealth        | 1 |  1.0
Evocations     | 1 |  1.0
Shields        | 1 |  1.0
Axes           | |  2.8

Action                   |  1- 3 |  4- 6 |  7- 9 || total
-------------------------+-------+-------+-------++-------
Melee: Hand axe          |   103 |    25 |       ||   128
       Flail             |       |    54 |   305 ||   359
Invok: Depart the Abyss  |     1 |       |       ||     1
       Bend Space        |       |       |     1 ||     1
 Abil: Shaft Self        |       |       |     3 ||     3
       Dig               |       |       |     1 ||     1
Evoke: Wand              |       |       |    11 ||    11
  Use: Scroll            |       |     2 |     7 ||     9
       Potion            |       |     1 |     4 ||     5
Armor: Leather armour    |    10 |       |       ||    10
       Chain mail        |    46 |    49 |   171 ||   266
Dodge: Dodged            |    67 |    37 |   188 ||   292
Block: Buckler           |       |       |    57 ||    57

Table legend: (Time is in decaauts)
 A = Elapsed time spent in this place.
 B = Non-inter-level travel time spent in this place.
 C = Inter-level travel time spent in this place.
 D = Time resting spent in this place.
 E = Time spent auto-exploring this place.
 F = Levels seen in this place.
 G = Mean time per level.
                   A        B        C        D        E       F      G
               +--------+--------+--------+--------+--------+-----+--------+
         Total |   8475 |   8215 |    260 |   1821 |   5169 |  11 |  770.5 |
       Dungeon |   8413 |   8153 |    260 |   1821 |   5110 |  10 |  841.3 |
         Abyss |     62 |     62 |      0 |      0 |     59 |   1 |   62.0 |
               +--------+--------+--------+--------+--------+-----+--------+

Top non-repeatable levels by time:
     D:5: 2420 daAuts
     D:1: 1464 daAuts
     D:2: 1242 daAuts
     D:6: 1183 daAuts
     D:4: 848 daAuts
    D:12: 413 daAuts
     D:9: 405 daAuts
     D:3: 403 daAuts
 Abyss:1: 62 daAuts
     D:7: 30 daAuts
    D:13: 1 daAuts
